 Dungeon Crawl Stone Soup version 0.28.0-47-ge53b351184 (webtiles) character file.

Game seed: 18294223862379053049

2568 ultragoat the Fighter (level 9, 0/86 HPs)
             Began as a Minotaur Chaos Knight on May 8, 2022.
             Was a Plaything of Xom.
             Slain by a tentacled starspawn (26 damage)
             ... on level 1 of the Abyss.
             The game lasted 00:22:09 (4796 turns).

ultragoat the Fighter (Minotaur Chaos Knight)       Turns: 4796, Time: 00:22:11

Health: 0/86       AC: 17    Str: 21    XL:     9   Next: 31%
Magic:  8/8        EV: 12    Int:  9    God:    Xom [.*....]
Gold:   272        SH:  9    Dex: 16    Spells: 8/8 levels left

rFire   . . .      SeeInvis .   t - +3 mace (protect)
rCold   . . .      Faith    .   y - +2 kite shield
rNeg    . . .      Spirit   .   b - +3 leather armour
rPois   .          Reflect  .   (helmet restricted)
rElec   .          Harm     .   (no cloak)
rCorr   .          Rampage  .   (no gloves)
Will    .....                   (no boots)
Stlth   +.........              (no amulet)
HPRegen 0.24/turn               c - +4 ring of protection
MPRegen 0.11/turn               r - +6 ring of dexterity

@: under a protective aura, studying Fighting
A: horns 2, retaliatory headbutt
a: Renounce Religion


You were on level 1 of the Abyss.
You worshipped Xom.
You were a plaything of Xom.
You visited 1 branch of the dungeon, and saw 6 of its levels.
You visited the Abyss 1 time.

You collected 272 gold pieces.

Inventory:

Hand Weapons
 f - a +5 scythe of distortion
 t - a +3 mace of protection (weapon)
Armour
 b - a +3 leather armour (worn)
 y - a +2 kite shield (worn)
Jewellery
 c - a +4 ring of protection (left hand)
 d - an amulet of faith
 n - a ring of positive energy
 r - a +6 ring of dexterity (right hand)
 x - a ring of poison resistance
Wands
 i - a wand of mindburst (6)
 l - a wand of flame (15)
Scrolls
 h - 2 scrolls of fog
 k - a scroll of immolation
 u - a scroll of acquirement {unknown}
 v - a scroll of magic mapping {unknown}
 w - a scroll of identify
Potions
 e - 10 potions of curing
 g - a potion of heal wounds
 j - a potion of berserk rage
 m - a potion of haste
 o - a potion of brilliance
 p - a potion of resistance {unknown}
 s - a potion of might {unknown}


   Skills:
 * Level 10.7 Fighting
 - Level 4.7(7.0) Axes
 * Level 0.0(2.8) Maces & Flails
 - Level 8.1(8.7) Polearms
 + Level 7.1 Armour
 + Level 6.1 Dodging
 + Level 0.0 Shields


You had 8 spell levels left.
You didn't know any spells.
Your spell library contained the following spells:

 Spells                   Type           Power      Damage    Failure   Level
 Magic Dart               Conj           0%         1d3       86%         1
 Call Imp                 Summ           0%         N/A       95%         2
 Mephitic Cloud           Conj/Pois/Air  0%         N/A       99%         3


Dungeon Overview and Level Annotations

Branches:
Dungeon (6/15)             Temple (0/1) D:6

Altars:
Gozag
Makhleb
Qazlal
Ru
Sif Muna
Xom

Annotations:
D:2 1 runed translucent door, Crazy Yiuf
Abyss:1 Natasha


Innate Abilities, Weirdness & Mutations

You have a pair of horns on your head.
You reflexively headbutt those who attack you in melee.


Message History

You sock the tentacled starspawn!
The tentacled starspawn is lightly damaged.
You hit the tentacled starspawn.
The tentacled starspawn is moderately damaged.
The tentacled starspawn bites you.
The tentacled starspawn tentacle-slaps you but does no damage.
The tentacled starspawn bites you!! The tentacled starspawn misses you.
You hit the tentacled starspawn. You headbutt the tentacled starspawn.
The tentacled starspawn is moderately damaged.
The tentacled starspawn barely misses you.
You block the tentacled starspawn's attack.
You hit the tentacled starspawn.
The tentacled starspawn is heavily damaged.
A tentacle flies out from the starspawn's body!
The tentacled starspawn bites you but does no damage.
The tentacled starspawn tentacle-slaps you but does no damage.
A starspawn tentacle comes into view.
You hit the tentacled starspawn.
The tentacled starspawn is heavily damaged.
Xom grants you insight.
You detect creatures!
The tentacled starspawn misses you.
The tentacled starspawn tentacle-slaps you.
You hit the tentacled starspawn. You headbutt the tentacled starspawn!
The tentacled starspawn is heavily damaged.
You block the tentacled starspawn's attack.
The tentacled starspawn tentacle-slaps you!
The tentacled starspawn bites you.
The tentacled starspawn tentacle-slaps you!
You hit the tentacled starspawn. You headbutt the tentacled starspawn!
The tentacled starspawn is severely damaged.
You block the tentacled starspawn's attack.
The tentacled starspawn misses you.
You barely miss the tentacled starspawn.
You headbutt the tentacled starspawn, but do no damage.
The tentacled starspawn is severely damaged.
The tentacled starspawn bites you.
The tentacled starspawn tentacle-slaps you but does no damage.
The tentacled starspawn bites you!!
You die...
Xom giggles madly!

#...#..# . #.
##..#.###....
..##..x#..
... . ..
...#.### #
..###.#...#
#.#.
.#...#..# #
#.# #w#w5.# .
#.##X#. #
#.#. ###@#..#
#.#. #.#####
.. .# ##


You could see a tentacled starspawn and 2 starspawn tentacles.

Vanquished Creatures
  Pikel (D:4)
  Sigmund (D:2)
  A steam dragon (D:6)
  An acid dragon (D:6)
  An orc warrior (D:6)
  A necrophage (D:6)
  A sky beast (D:6)
  2 ogres (D:6)
  3 centaurs
  2 phantoms (D:6)
  2 scorpions (D:5)
  A wyvern zombie (D:6)
  A wyvern skeleton (D:6)
  A wight (D:6)
  4 hounds
  A jelly (D:4)
  3 bullfrog skeletons (D:5)
  Jessica (D:3)
  2 iguanas
  Natasha (D:3)
  Robin (D:3)
  A gnoll (D:4)
  6 adders
  2 white imps (D:6)
  2 worms (D:2)
  3 dart slugs
  8 orcs
  6 ball pythons
  8 bats
  6 endoplasms
  A giant cockroach (D:1)
  11 goblins
  11 hobgoblins
  3 frilled lizards
  2 kobolds (D:4)
  3 rats (D:1)
105 creatures vanquished.

Vanquished Creatures (others)
  5 starspawn tentacles (Abyss:1)
5 creatures vanquished.

Grand Total: 110 creatures vanquished

Notes
Turn   | Place    | Note
-------+----------+-------------------------------------------
     0 | D:1      | ultragoat the Minotaur Chaos Knight began the quest for the
                  | Orb.
     0 | D:1      | Reached XP level 1. HP: 19/19 MP: 0/0
    46 | D:1      | XOM: silly message
    98 | D:1      | XOM is BORED!
    98 | D:1      | XOM: silly message
   108 | D:1      | Reached XP level 2. HP: 19/27 MP: 1/1
   565 | D:1      | Reached skill level 4 in Fighting
   656 | D:2      | Noticed Sigmund
   751 | D:2      | Found a runed translucent door.
   752 | D:2      | Noticed Crazy Yiuf
   810 | D:2      | Reached XP level 3. HP: 26/33 MP: 2/2
   879 | D:2      | Killed Sigmund
   880 | D:2      | Reached XP level 4. HP: 35/41 MP: 3/3
   880 | D:2      | Reached XP level 5. HP: 40/47 MP: 4/4
   969 | D:2      | XOM: 1-stop teleportation journey
   976 | D:2      | XOM: 2-stop teleportation journey
  1537 | D:3      | Identified the +4 helmet "Jucudeap" {rElec rC+}
  1537 | D:3      | Noticed Robin
  1553 | D:3      | Killed Robin
  1559 | D:3      | Reached skill level 5 in Fighting
  1561 | D:3      | Reached skill level 1 in Polearms
  1615 | D:3      | XOM is BORED!
  1706 | D:3      | Noticed Natasha
  1708 | D:3      | Killed Natasha
  1730 | D:3      | Noticed Jessica
  1732 | D:3      | Killed Jessica
  1733 | D:3      | Reached XP level 6. HP: 56/56 MP: 5/5
  1742 | D:3      | XOM: scenery: create altars
  1791 | D:3      | Found a burning altar of Makhleb.
  1791 | D:3      | Noticed a cacodemon
  1821 | D:3      | Noticed Natasha
  1826 | D:3      | Banished Natasha
  2005 | D:3      | XOM: cloud trail
  2086 | D:4      | XOM: confusion (+ monsters)
  2158 | D:4      | Noticed Pikel
  2164 | D:4      | Killed Pikel
  2165 | D:4      | Reached skill level 6 in Fighting
  2165 | D:4      | Reached skill level 5 in Armour
  2165 | D:4      | Reached XP level 7. HP: 15/63 MP: 6/6
  2516 | D:4      | XOM: scenery: summon butterflies
  2520 | D:4      | Reached skill level 5 in Polearms
  2626 | D:4      | XOM: silly message
  2729 | D:4      | Found an opulent altar of Gozag.
  2745 | D:4      | XOM: silly message
  2769 | D:5      | Entered Level 5 of the Dungeon
  2803 | D:5      | XOM: divination: detect items
  2957 | D:5      | Reached XP level 8. HP: 63/71 MP: 7/7
  3046 | D:5      | Reached skill level 7 in Fighting
  3421 | D:5      | XOM: noise
  3617 | D:6      | Found a sacrificial altar of Ru.
  3673 | D:6      | Reached skill level 5 in Dodging
  3698 | D:6      | XOM: potion effect (brilliance)
  3699 | D:6      | XOM: noise
  3701 | D:6      | Reached skill level 8 in Fighting
  3722 | D:6      | XOM: smoke on damage
  3978 | D:6      | Reached skill level 9 in Fighting
  4135 | D:6      | XOM: cast spell 'Summon Mana Viper'
  4189 | D:6      | Found a shimmering blue altar of Sif Muna.
  4270 | D:6      | Reached XP level 9. HP: 81/85 MP: 8/8
  4285 | D:6      | XOM: cast spell 'Metabolic Englaciation'
  4297 | D:6      | Reached skill level 10 in Fighting
  4328 | D:6      | XOM: 1-stop teleportation journey
  4434 | D:6      | XOM: noise
  4551 | D:6      | Found a staircase to the Ecumenical Temple.
  4607 | D:6      | Found a stormy altar of Qazlal.
  4740 | D:6      | Cast into level 1 of the Abyss (unwielding a weapon of
                  | distortion)
  4771 | Abyss:1  | Noticed a tentacled starspawn
  4785 | Abyss:1  | XOM: summons 1 hostile demon
  4786 | Abyss:1  | XOM: blink monster(s)
  4793 | Abyss:1  | XOM: divination: detect creatures
  4796 | Abyss:1  | Slain by a tentacled starspawn

Illustrated notes

Levels and vault maps discovered:
D:1:      onia_arrival_pentagram, layout_basic
D:2:      layout_rooms, nrook_campfire, uniq_crazy_yiuf_cottage, uniq_sigmund
D:3:      layout_rooms, makhleb_altar_promises_db, uniq_robin, uniq_jessica,
          uniq_natasha
D:4:      layout_cave_pools, kennysheep_mini, uniq_pikel
D:5:      layout_loops_corners
D:6:      hangedman_cross_stitches, layout_loops_ring,
          overflow_temple_1_default, mainiacjoe_overflow_paths,
          lemuel_blue_sif_altar, minmay_temple_entry_ruins,
          kennysheep_generic_room_6
Abyss:1:  base: Temple, minivault_4

Skill      XL: |  1  2  3  4  5  6  7  8  9 |
---------------+----------------------------+-----
Fighting       | 4 5 6 9 10 | 10.7
Axes           | 4 |  4.7
Armour         | 3 4 5 6 7 |  7.1
Dodging        | 2 3 4 5 6 |  6.1
Polearms       | 1 4 5 7 8 |  8.1

Action                   |  1- 3 |  4- 6 |  7- 9 || total
-------------------------+-------+-------+-------++-------
Melee: Hand axe          |    38 |     3 |       ||    41
       Headbutt          |     1 |     5 |    19 ||    25
       Scythe            |       |    56 |    86 ||   142
       Mace              |       |       |    10 ||    10
Evoke: Wand              |     5 |     5 |       ||    10
  Use: Scroll            |     3 |     3 |    12 ||    18
       Potion            |       |       |     3 ||     3
Armor: Leather armour    |    11 |    29 |    43 ||    83
Dodge: Dodged            |    25 |    58 |    77 ||   160
Block: Kite shield       |       |       |     5 ||     5
